 Dungeon Crawl Stone Soup version 0.31-a0-986-g5e6e4ef867 (webtiles) character file.

Game seed: 1180829898695356491

3667 mandarbmax the Summoner (level 9, -11/52 HPs)
             Began as a Deep Elf Summoner on Nov 23, 2023.
             Was a Believer of Ashenzari.
             Shot with an arrow by an orc warrior (17 damage)
             ... on level 8 of the Dungeon.
             The game lasted 00:24:44 (9033 turns).

mandarbmax the Summoner (Deep Elf Summoner)         Turns: 9033, Time: 00:24:45

Health: -11/52     AC:  6    Str:  5    XL:     9   Next: 89%
Magic:  5/24       EV: 16    Int: 25    God:    Ashenzari [**....]
Gold:   366        SH:  0    Dex: 21    Spells: 14/27 levels left

rFire   . . .        h - +0 dagger of Ashenzari's Heresy {Fort, Range} (curse)
rCold   . . .        (no shield)
rNeg    . . .        r - +3 leather armour of Ashenzari's Sorrow {rPois, Elem, Comp} (curse)
rPois   +            (no helmet)
rElec   .            (no cloak)
rCorr   .            (no gloves)
SInv    +            (no boots)
Will    .....        (no amulet)
Stlth   +++          n - ring of the Ruined Ordeal {Dex+6, Cun, Melee} (curse)
HPRegen 0.28/turn    (no ring)
MPRegen 0.19/turn

%: no passive effects
@: studying Axes
A: no striking features
a: Renounce Religion, Curse Item, Shatter the Chains


You were on level 8 of the Dungeon.
You worshipped Ashenzari.
Ashenzari was pleased with you.
You visited 2 branches of the dungeon, and saw 9 of its levels.

You collected 366 gold pieces.

Inventory:

Hand Weapons
 h - the cursed +0 dagger of Ashenzari's Heresy (weapon) {Fort, Range}
   (You took it off a goblin on level 2 of the Dungeon)

   It has a curse which improves the following skills: Fortitude: Armour and
   Shields.
   Ranged Combat: Ranged Weapons and Throwing.
Armour
 k - +0 shadow dragon scales
 r - the cursed +3 leather armour of Ashenzari's Sorrow (worn) {rPois, Elem, Comp}
   (You found it on level 6 of the Dungeon)

   It has a curse which improves the following skills: Elements: Fire Magic, Ice
   Magic, Air Magic and Earth Magic.
   Companions: Summonings and Necromancy.
 t - a +0 leather armour of cold resistance
Jewellery
 n - the cursed ring of the Ruined Ordeal (left hand) {Dex+6, Cun, Melee}
   (You found it on level 3 of the Dungeon)

   [ring of dexterity]

   Dex+6:     It affects your dexterity (+6).
   It has a curse which improves the following skills: Cunning: Dodging and
   Stealth.
   Melee Combat: Short Blades, Long Blades, Axes, Maces & Flails, Polearms,
   Staves and Unarmed Combat.
 y - a ring of wizardry
Wands
 a - a wand of iceblast (8)
 p - a wand of flame (11)
 v - a wand of paralysis (8)
Scrolls
 e - 2 scrolls of blinking
 f - a scroll of fear
 g - 3 scrolls of immolation
 i - 2 scrolls of enchant armour
 m - a scroll of enchant weapon
 o - 4 scrolls of fog
 q - a scroll of vulnerability
 s - a scroll of amnesia
 w - 4 scrolls of teleportation
Potions
 b - a potion of magic
 c - 2 potions of brilliance
 d - 2 potions of heal wounds
 j - a potion of mutation
 l - a potion of enlightenment
 u - a potion of curing
 x - a potion of haste
 z - a potion of lignification


   Skills:
 + Level 3.7 Fighting
 + Level 7.2(8.3) Dodging
 - Level 2.4(3.3) Stealth
 + Level 9.5 Spellcasting
 - Level 6.0 Hexes
 - Level 9.9(11.0) Summonings
 - Level 3.2(4.2) Air Magic


You had 14 spell levels left.
You knew the following spells:

 Your Spells              Type           Power      Damage    Failure   Level
a - Summon Small Mammal   Summ           100%       N/A       1%          1
b - Call Imp              Summ           100%       N/A       1%          2
c - Call Canine Familiar  Summ           61%        N/A       1%          3
d - Summon Guardian Gole  Hex/Summ       53%        N/A       1%          3
e - Summon Lightning Spi  Summ/Air       50%        N/A       3%          4

Your spell library contained the following spells:

 Spells                   Type           Power      Damage    Failure   Level
 Ensorcelled Hibernation  Hex/Ice        54%        N/A       3%          2
 Swiftness                Air            33%        N/A       4%          3
 Magic Dart               Conj           44%        1d5       9%          1
 Passwall                 Tmut/Erth      10%        N/A       13%         2
 Mephitic Cloud           Conj/Pois/Air  19%        N/A       14%         3


Dungeon Overview and Level Annotations

Branches:
Dungeon (8/15)             Temple (1/1) D:4
   Lair: D:8-11

Altars:
Ashenzari
Dithmenos
Elyvilon
Gozag
Hepliaklqana
Kikubaaqudgha
Makhleb
Nemelex Xobeh
Okawaru
Qazlal
Sif Muna
Uskayaw
Vehumet
Wu Jian
Zin

Shops:
D:3 (   D:6 *

Annotations:
D:8 3 runed translucent doors, Sundig's ghost, novice MiFi


Message History

Your cerulean imp disappears in a puff of smoke!
Your guardian golem disappears in a puff of smoke!
An orc warrior comes into view. It is wielding a +0 trident.
Casting: Summon Lightning Spire (dangerous; 3% risk of failure)
Confirm with . or Enter, or press ? or * to list all spells.
A guardian golem appears, shielding your allies.
The orc warrior shouts!
The orc warrior unwields a +0 trident.
The orc warrior wields a +0 orcbow.
The orc warrior shoots an arrow.
The arrow closely misses you.
You hear a shout!
Casting: Summon Guardian Golem (safe; 1% risk of failure)
Confirm with . or Enter, or press ? or * to list all spells.
Casting: Call Canine Familiar (safe; 1% risk of failure)
Confirm with . or Enter, or press ? or * to list all spells.
An electric hum fills the air.
The orc warrior shoots an arrow.
The arrow hits your warg!!
Your warg closely misses the orc warrior.
The orc warrior unwields a +0 orcbow.
The orc warrior wields a +0 trident.
The orc warrior closely misses your warg.
Your warg bites the orc warrior.
Unknown command.
The orc warrior unwields a +0 trident.
The orc warrior wields a +0 orcbow.
The orc warrior shoots an arrow.
The arrow misses your warg. The arrow hits you!
Your warg bites the orc warrior.
An orc wizard comes into view. It is wielding a +0 dagger.
Your warg closely misses the orc warrior.
The orc warrior shoots an arrow.
The arrow misses your warg. The arrow hits your guardian golem!
Your warg bites the orc warrior!
The orc warrior shoots an arrow.
The arrow barely misses your warg. The arrow hits you!
* * * LOW HITPOINT WARNING * * *
Your warg bites the orc warrior but does no damage.
An orc wizard comes into view. It is wielding a +0 dagger.
A jelly comes into view.
Unknown command.
The vampire mosquito buzzes angrily.
The orc warrior unwields a +0 trident.
The orc warrior wields a +0 orcbow.
The orc warrior shoots an arrow.
The arrow closely misses your warg. The arrow hits you!
You die...

#.#####..#.#†.....
#..........#)...
#.......#...8.# # ..
#.......# #..# #(.
...######[......# #..##..#(.
...........)....####.h.o9.###
....#.#....####......###.ho.o
......###)).[####...###.J...J
......###†#.....@.....9.# ...
...........[.........^.....##
......................#####
.......###+++###.........
....#..#F....oW#..###.....
....#..#...Dy..#..# #....
.......#.......#... ####
.......#.......#...
...##..#.......#...


You could see a steam dragon (wandering), an orc warrior (ally target), a
vampire mosquito, an orc priest, Sundig's ghost, a friendly guardian golem
(summoned) and a friendly warg (summoned, sheltered).

Vanquished Creatures
  A killer bee (D:7)
  An orc priest (D:6)
  An adder (D:6)
  An orc (D:8)
  An endoplasm (D:3)
  A giant cockroach (D:2)
  A goblin (D:3)
  A bat (D:2)
8 creatures vanquished.

Vanquished Creatures (collateral kills)
  Sigmund (D:5)
  3 yaks (D:8)
  Eustachio (D:5)
  A steam dragon (D:8)
  Menkaure (D:4)
  2 water moccasins (D:7)
  2 sky beasts (D:6)
  A centaur (D:7)
  A phantom (D:5)
  A kobold brigand (D:6)
  A bullfrog (D:7)
  A gnoll sergeant (D:6)
  4 killer bees (D:7)
  A hound (D:6)
  3 jellies
  5 orc priests
  A sleepcap (D:5)
  Ijyb (D:5)
  3 iguanas
  6 orc wizards
  Natasha (thrice) (D:2)
  15 gnolls
  7 adders
  A shadow imp (D:8)
  A white imp (D:7)
  2 worms
  A dart slug (D:1)
  17 orcs
  9 endoplasms
  5 giant cockroaches
  7 goblins
  8 hobgoblins
  7 jackals
  4 quokkas
  9 ball pythons
  9 bats
  2 frilled lizards (D:3)
  9 kobolds
  2 rats (D:2)
158 creatures vanquished.

Vanquished Creatures (others)
  3 yaks (D:8)
  An orc warrior (D:7)
  A centaur (D:8)
  A howler monkey (D:6)
  A jelly (D:8)
  A hound (D:6)
  An iguana (D:5)
  An adder (D:5)
  2 ufetubi (D:5)
  A dart slug (D:5)
13 creatures vanquished.

Grand Total: 179 creatures vanquished

Notes
Turn   | Place    | Note
-------+----------+-------------------------------------------
     0 | D:1      | mandarbmax the Deep Elf Summoner began the quest for the
                  | Orb.
     0 | D:1      | Reached XP level 1. HP: 10/10 MP: 6/6
   282 | D:1      | Reached XP level 2. HP: 7/15 MP: 5/8
   328 | D:1      | Learned a level 2 spell: Call Imp
   596 | D:1      | Reached skill level 5 in Summonings
   806 | D:1      | Reached XP level 3. HP: 19/19 MP: 5/10
  1436 | D:1      | Learned a level 3 spell: Call Canine Familiar
  1547 | D:2      | Noticed Natasha
  1561 | D:2      | Killed Natasha
  1562 | D:2      | Reached XP level 4. HP: 9/24 MP: 2/12
  1571 | D:2      | Learned a level 3 spell: Summon Guardian Golem
  2002 | D:2      | Noticed Natasha
  2012 | D:2      | Killed Natasha
  2013 | D:2      | Reached XP level 5. HP: 7/28 MP: 3/14
  2023 | D:2      | Noticed Natasha
  2028 | D:2      | Killed Natasha
  2174 | D:2      | Reached skill level 5 in Spellcasting
  2879 | D:3      | Found Jegogedoerph's Weapon Shop.
  3475 | D:3      | Reached XP level 6. HP: 30/32 MP: 8/16
  3531 | D:3      | Found an iron altar of Okawaru.
  3664 | D:4      | Found a staircase to the Ecumenical Temple.
  3687 | Temple   | Entered the Ecumenical Temple
  3750 | Temple   | Became a worshipper of Ashenzari the Shackled
  3795 | D:4      | Learned a level 4 spell: Summon Lightning Spire
  3941 | D:4      | You fall into a shaft and drop 2 floors!
  3975 | D:5      | Entered Level 5 of the Dungeon
  4033 | D:5      | Found an ornate altar of the Wu Jian Council.
  4137 | D:5      | Noticed Ijyb
  4154 | D:5      | Killed Ijyb
  4155 | D:5      | Reached skill level 1 in Hexes
  4235 | D:5      | Noticed Sigmund
  4247 | D:5      | Killed Sigmund
  4248 | D:5      | Reached skill level 1 in Air Magic
  4303 | D:5      | Reached XP level 7. HP: 36/36 MP: 5/17
  4953 | D:4      | Found an ancient bone altar of Kikubaaqudgha.
  5110 | D:4      | Noticed Menkaure
  5116 | D:4      | Killed Menkaure
  5478 | D:5      | Noticed Eustachio
  5500 | D:5      | Killed Eustachio
  5676 | D:5      | Found a white marble altar of Elyvilon.
  5727 | D:5      | Paralysed by an orc for 5 turns
  5748 | D:5      | Reached XP level 8. HP: 41/41 MP: 13/19
  5916 | D:5      | Reached * piety under Ashenzari
  6046 | D:5      | Found a stormy altar of Qazlal.
  6312 | D:6      | Reached skill level 5 in Hexes
  7205 | D:6      | Reached ** piety under Ashenzari
  7282 | D:6      | Found Gozag's Platinum Reserve.
  7283 | D:6      | Found a hazy altar of Hepliaklqana.
  7294 | D:6      | Found an opulent altar of Gozag.
  7585 | D:7      | Reached skill level 1 in Fighting
  7663 | D:7      | Found a radiant altar of Vehumet.
  7956 | D:7      | Reached skill level 5 in Dodging
  7956 | D:7      | Reached XP level 9. HP: 47/47 MP: 8/22
  8811 | D:8      | Noticed Sundig's ghost (novice MiFi)
  8812 | D:8      | Found a runed translucent gate.
  8813 | D:8      | Found a runed translucent gate.
  8817 | D:8      | Found a runed translucent gate.
  8957 | D:8      | Noticed a +0 dagger
  8958 | D:8      | Noticed a +0 hand axe
  8966 | D:8      | Found a hide-covered altar of Uskayaw.
  9033 | D:8      | Shot with an arrow by an orc warrior

Illustrated notes

Levels and vault maps discovered:
D:1:      amcnicky_arrival_double_pillar, layout_basic
D:2:      layout_loops_cross, uniq_natasha
D:3:      layout_basic, mainiacjoe_overflow_catwalk, serial_shops, shop,
          chequers_serial_rivers_micro_b
D:4:      layout_loops_ring, kennysheep_mini_moat, minmay_temple_entry_mist,
          serial_forest, infiniplex_forest_end_double,
          infiniplex_forest_clump_medium, infiniplex_forest_clump_tiny,
          infiniplex_forest_straight_2, infiniplex_forest_clump_large,
          infiniplex_forest_lined_2, infiniplex_forest_lined_2,
          hangedman_decor_points, uniq_menkaure
D:5:      layout_basic, elyvilon_altar_1, mainiacjoe_overflow_brackets,
          nicolae_qazlal_scattered_showers, grunt_ministairs_7, uniq_ijyb,
          uniq_sigmund, uniq_eustachio
D:6:      layout_rooms, worldfamousw_hep_ancestral_shrine,
          nicolae_gozag_zags_fifth_avenue
D:7:      layout_gridville, mainiacjoe_overflow_cross_hatched
D:8:      layout_rooms, bloody_trog, dancing_weapons_uskayaw,
          gammafunk_ghost_split, st_stairs_7
Temple:   hellmonk_temple_rainy

Skill      XL: |  1  2  3  4  5  6  7  8  9 |
---------------+----------------------------+-----
Summonings     | 5 6 7 8 9 |  9.9
Spellcasting   | 4 5 6 7 9 |  9.5
Hexes          | 2 4 6 |  6.0
Air Magic      | 1 2 3 |  3.2
Dodging        | 3 5 7 |  7.2
Fighting       | 1 3 |  3.7
Stealth        | |  2.4

Action                     |  1- 3 |  4- 6 |  7- 9 || total
---------------------------+-------+-------+-------++-------
  Melee: Unarmed           |    15 |       |       ||    15
         Punch             |     2 |       |       ||     2
         Dagger            |       |    20 |    20 ||    40
   Cast: Summon Small Mamm |    57 |    27 |    14 ||    98
         Call Imp          |    18 |    30 |    26 ||    74
         Call Canine Famil |     2 |    28 |    34 ||    64
         Summon Guardian G |       |     5 |    38 ||    43
         Summon Lightning  |       |     2 |    27 ||    29
 Invoke: Curse Item        |       |       |     3 ||     3
    Use: Scroll            |       |       |     2 ||     2
   Stab: Sleeping          |       |     4 |     3 ||     7
 Armour: Robe              |    33 |    13 |       ||    46
         Leather armour    |       |       |    34 ||    34
  Dodge: Dodged            |    27 |    20 |    43 ||    90

Table legend: (Time is in decaauts)
 A = Elapsed time spent in this place.
 B = Non-inter-level travel time spent in this place.
 C = Inter-level travel time spent in this place.
 D = Time resting spent in this place.
 E = Time spent auto-exploring this place.
 F = Levels seen in this place.
 G = Mean time per level.
                   A        B        C        D        E       F      G
               +--------+--------+--------+--------+--------+-----+--------+
         Total |   9035 |   8806 |    229 |    408 |   6874 |   9 | 1003.9 |
       Dungeon |   8961 |   8732 |    229 |    408 |   6821 |   8 | 1120.1 |
        Temple |     73 |     73 |      0 |      0 |     53 |   1 |   73.0 |
               +--------+--------+--------+--------+--------+-----+--------+

Top non-repeatable levels by time:
     D:5: 1629 daAuts
     D:1: 1444 daAuts
     D:2: 1294 daAuts
     D:7: 1289 daAuts
     D:6: 1196 daAuts
     D:3: 924 daAuts
     D:4: 899 daAuts
     D:8: 283 daAuts
  Temple: 73 daAuts
